Map: Cosmic Sapphire

Players

Nina

  • Race: Protoss Protoss
  • League: Master
  • Spawn Location: 5:00

Cure - Winner!

  • Race: Terran Terran
  • League: Master
  • Spawn Location: 11:00

Event: HomeStory Cup XXII

VOD

Have the link to the VOD?

Description

Time

  • Played on: Dec. 16, 2022, 10:27 a.m.
  • Length: 8:11

All games in this series

Show
View Real Time Build Order
Export as new Build Order

Nina Protoss 

Build Orders: Blink Stalkers, Colossus Rush 

Get SALT Encoding   

  12  0:00  Probe  
  13  0:12  Probe  
  14  0:18  Pylon  
  14  0:24  Probe  
  15  0:36  Probe (Chrono Boost)  
  15  0:37  Gateway  
  16  0:45  Probe (Chrono Boost)  
  16  0:46  Assimilator  
  17  0:51  Probe (Chrono Boost)  
  18  1:03  Probe  
  19  1:15  Probe  
  20  1:27  Probe  
  20  1:30  Pylon  
  21  1:35  Cybernetics Core  
  21  1:39  Probe  
  22  1:49  Assimilator  
  22  1:51  Probe  
  23  2:04  Probe  
  24  2:08  Stalker (Chrono Boost)  
  24  2:12  Warp Gate  
  26  2:16  Probe  
  27  2:28  Probe  
  28  2:31  Stalker  
  28  2:33  Nexus  
  30  2:43  Twilight Council  
  30  2:48  Pylon  
  30  2:53  Probe  
  31  3:02  Gateway  
  31  3:10  Probe  
  31  3:12  Pylon  
  31  3:16  Robotics Facility  
  31  3:20  Blink (Chrono Boost)  
  31  3:30  Probe  
  32  3:48  Probe (Chrono Boost)  
  33  3:50  Probe (Chrono Boost)  
  34  3:58  Probe (Chrono Boost)  
  34  3:59  Probe (Chrono Boost)  
  34  4:00  Stalker  
  34  4:01  Stalker  
  40  4:03  Probe (Chrono Boost)  
  40  4:04  Observer, Probe (Chrono Boost)  
  43  4:11  Pylon  
  43  4:14  Probe  
  43  4:16  Probe  
  45  4:19  Pylon  
  45  4:24  Stalker x2  
  49  4:26  Probe  
  49  4:28  Observer (Chrono Boost), Probe  
  52  4:34  Assimilator  
  52  4:38  Probe, Assimilator  
  52  4:40  Probe  
  54  4:50  Probe  
  56  4:52  Probe  
  56  4:59  Robotics Bay  
  56  5:01  Nexus  
  56  5:02  Probe  
  56  5:04  Pylon  
  56  5:05  Probe  
  58  5:12  Stalker  
  60  5:15  Probe, Stalker  
  60  5:18  Probe  
  64  5:23  Pylon  
  64  5:27  Probe  
  65  5:33  Charge  
  65  5:36  Gateway  
  65  5:41  Gateway, Stalker  
  67  5:46  Observer  
  67  5:47  Colossus (Chrono Boost)  
  67  5:54  Probe  
  74  5:59  Probe  
  74  6:02  Gateway  
  74  6:04  Observer  
  75  6:05  Gateway  
  75  6:06  Probe  
  75  6:08  Extended Thermal Lance  
  76  6:11  Probe (Chrono Boost)  
  76  6:13  Observer, Probe (Chrono Boost)  
  76  6:16  Sentry  
  76  6:17  Zealot  
  83  6:25  Pylon  
  83  6:27  Observer  
  83  6:29  Colossus (Chrono Boost), Probe (Chrono Boost)  
  83  6:30  Shield Battery  
  83  6:32  Probe (Chrono Boost)  
  90  6:33  Probe (Chrono Boost)  
  90  6:36  Probe (Chrono Boost)  
  92  6:40  Shield Battery  
  92  6:41  Probe x2  
  92  6:43  Sentry  
  96  6:48  Pylon  
  96  6:50  Probe  
  97  6:55  Stalker x3  
  101  7:02  Stalker  
  102  7:10  Zealot x2  
  106  7:20  Zealot x2  
  106  7:21  Zealot  
  93  7:31  Zealot x2  
  71  7:41  Zealot x3  
  60  7:47  Stalker  
  60  7:48  Probe x2  
  62  7:57  Stalker x2  
Show
View Real Time Build Order
Export as new Build Order

Cure Terran - Winner!

Build Orders:  

Get SALT Encoding   

  12  0:00  SCV  
  13  0:12  SCV  
  14  0:17  Supply Depot  
  14  0:24  SCV  
  14  0:27  Refinery  
  15  0:38  SCV  
  16  0:44  Barracks  
  16  0:50  SCV  
  17  1:02  SCV  
  18  1:07  Engineering Bay  
  18  1:14  SCV  
  19  1:31  Marine, Orbital Command  
  20  1:37  Factory  
  20  1:49  Supply Depot, Barracks Reactor  
  20  1:58  SCV  
  21  2:10  SCV  
  22  2:22  Command Center  
  22  2:27  Marine x2  
  24  2:31  Hellion  
  24  2:33  SCV  
  27  2:39  Supply Depot  
  27  2:45  SCV  
  27  2:50  Starport  
  28  2:51  Marine  
  28  2:54  Marine  
  28  2:57  Widow Mine  
  31  3:00  SCV  
  31  3:05  Refinery  
  32  3:11  Marine  
  32  3:12  Marine  
  34  3:13  SCV  
  34  3:18  Factory Tech Lab  
  35  3:25  SCV  
  36  3:28  Medivac  
  36  3:32  Marine  
  36  3:33  Marine  
  40  3:35  Orbital Command  
  40  3:38  SCV  
  41  3:48  Siege Tank  
  41  3:50  SCV  
  43  3:57  Marine  
  43  4:00  Starport Tech Lab  
  43  4:02  SCV  
  45  4:03  SCV  
  45  4:04  Bunker  
  45  4:08  Supply Depot  
  46  4:13  Marine  
  46  4:15  Marine  
  48  4:17  SCV  
  48  4:18  SCV  
  50  4:27  Supply Depot  
  50  4:30  SCV x2, Raven  
  54  4:34  Marine x2  
  56  4:44  SCV x2  
  58  4:47  Supply Depot  
  58  4:53  Siege Tank  
  58  4:57  SCV x2, Barracks  
  58  4:59  Marine  
  64  5:00  Marine  
  65  5:09  SCV x2  
  65  5:11  Barracks  
  67  5:14  Refinery  
  67  5:15  Supply Depot  
  67  5:18  Marine  
  67  5:19  Marine  
  69  5:22  SCV  
  69  5:23  SCV  
  71  5:31  Starport Reactor  
  71  5:34  SCV  
  71  5:35  SCV, Factory Reactor  
  73  5:36  Marine x2  
  73  5:39  Engineering Bay  
  73  5:41  Refinery  
  75  5:47  SCV x2  
  77  5:52  Supply Depot x2  
  77  5:53  Stimpack, Marauder  
  77  5:54  Marine x2  
  81  5:59  SCV x2  
  83  6:04  Terran Infantry Weapons Level 1  
  83  6:08  Combat Shield, Marauder  
  85  6:12  Marine  
  85  6:13  Marine  
  85  6:14  Marauder  
  85  6:17  Supply Depot, Medivac  
  91  6:19  SCV x2  
  91  6:20  Supply Depot  
  93  6:26  Medivac  
  93  6:30  Widow Mine x2  
  99  6:34  Marauder, Marine  
  99  6:38  Marine  
  99  6:39  Marauder  
  105  6:46  Supply Depot x2  
  105  6:52  Marine  
  106  6:55  Marauder  
  106  6:56  Marine  
  106  7:00  Marauder  
  111  7:06  Command Center  
  110  7:08  SCV x2  
  107  7:17  Marauder  
  107  7:19  Marine x2  
  107  7:22  Marauder  
  108  7:25  Medivac x2, Widow Mine  
  108  7:26  Widow Mine  
  113  7:30  SCV x2  
  104  7:38  Marauder  
  98  7:47  Widow Mine x2  
  95  7:51  Marine x2  
  95  7:58  SCV x2  
  105  8:01  Barracks  
  105  8:04  Barracks  
Tags
 
Add a new tag
Caveats
  • Supply blocks, unpowered buildings, or Contaminate may cause inaccurate times.
  • Supply counts are checked every 10 seconds.